[Event "Romanian Superleague 2022"]
[Site "Oradea"]
[Date "2022.09.25"]
[Round "5.12"]
[White "Costachi, Mihnea"]
[Black "Barzanu, Iulian"]
[Result "1-0"]
[ECO "E65"]
[WhiteElo "2470"]
[BlackElo "2190"]
[Annotator "TA"]
[PlyCount "57"]
[EventDate "2022.09.21"]
[EventType "team-tourn"]
[EventCountry "ROU"]
[SourceTitle "playchess.com"]
[Source "ChessBase"]
[SourceQuality "1"]
[TimeControl "40/5400+30:1800+30"]

1. d4 d6 2. Nf3 g6 3. g3 Bg7 4. Bg2 Nf6 5. O-O O-O 6. b3 c5 7. Bb2 cxd4 8. Nxd4 a6 9. c4 Qc7 10. Nc3 Nc6 11. Rc1 {[%emt 0:00:45] Strongly threatening Nd5.} Ne5 {[%emt 0:10:12] E65: King's Indian: Fianchetto: 6...c5 7 0-0 without d5 by White.} 12. h3 {[%emt 0:04:40] [#]} Qa5 $146 ({Predecessor:} 12... Bd7 13. Qd2 Rac8 14. Rfd1 Nc6 15. Nd5 Qd8 16. Nxf6+ Bxf6 17. Nxc6 Bxc6 18. Bxf6 exf6 19. Qxd6 {1-0 (38) Aradhya,G (2198)-Ochedzan,T (2180) Chess.com INT 2021}) 13. a3 Bd7 {[%emt 0:10:12] White is slightly better.} 14. e4 Nc6 15. b4 Qb6 16. c5 $36 {[%emt 0:03:12][%mdl 2048] White has strong initiative.} dxc5 17. Na4 Qa7 (17... Qc7 $14 18. Nxc5 e5) 18. Nxc5 $16 Rfd8 {[%emt 0:00:39] [#]} (18... Rac8 $16 19. Re1 e5) 19. Nxd7 (19. e5 $1 $18) 19... Rxd7 20. Nxc6 bxc6 21. Qa4 Nh5 22. Bxg7 Kxg7 23. Qxc6 Rd3 (23... Rad8 {was necessary.} 24. Qc5 Qb8) 24. Qc5 Qd7 (24... Qxc5 $16 25. bxc5 (25. Rxc5 Rxa3 26. Rd1 Rb3 $14) 25... Kf8) 25. Rc3 Rxc3 26. Qxc3+ Kg8 27. Rc1 {[%emt 0:00:48] Black must now prevent Qc6.} Rd8 (27... a5 {is a better defense.} 28. bxa5 Qd8) 28. Qc7 $18 Qd4 29. Bf3 {[%emt 0:00:54] Weighted Error Value: White=0.21 (precise) /Black=0.37} 1-0

[Event "Romanian Superleague 2022"]
[Site "Oradea"]
[Date "2022.09.25"]
[Round "5.13"]
[White "Kozak, Adam"]
[Black "Dobre, Claudiu-Cristian"]
[Result "1-0"]
[ECO "A11"]
[WhiteElo "2516"]
[BlackElo "2268"]
[Annotator "TA"]
[PlyCount "64"]
[EventDate "2022.09.21"]
[EventType "team-tourn"]
[EventCountry "ROU"]
[SourceTitle "playchess.com"]
[Source "ChessBase"]
[SourceQuality "1"]
[TimeControl "40/5400+30:1800+30"]

1. c4 Nf6 2. Nc3 c6 3. Nf3 d5 4. e3 Bg4 5. Qb3 Qb6 6. Ne5 {[%emt 0:00:09] A11: English Opening: 1...c6.} e6 7. Nxg4 Nxg4 8. d4 {[%emt 0:03:15] White is slightly better.} Qxb3 9. axb3 Nd7 10. f3 Ngf6 11. g4 h6 {[%emt 0:01:54] [#]} 12. Kf2 $146 ({Predecessor:} 12. h4 a6 13. Kf2 g6 14. Bd2 Bg7 15. cxd5 exd5 16. h5 gxh5 17. gxh5 Nf8 18. Ne2 {1-0 (42) Goldin,A (2608)-Labollita,M (2454) Buenos Aires 2003}) 12... a6 13. Bd2 Bd6 14. Bd3 O-O-O 15. h3 Bc7 16. h4 Nc5 17. Bc2 (17. dxc5 dxc4 18. bxc4 Rxd3 $11) 17... dxc4 {[%emt 0:00:13] White leaves nothing to chance now.} 18. bxc4 e5 19. Ne2 Ne6 {[%emt 0:01:58] [#]} ({Better is} 19... exd4 20. Nxd4 (20. exd4 Kb8 $14) 20... Ncd7) 20. Bc3 $1 $16 exd4 21. Nxd4 Nxd4 22. Bxd4 ({Resist} 22. exd4 Bf4 $14) 22... c5 23. Bc3 ({But not} 23. Bf5+ Kb8 24. Bc3 (24. Bxc5 Rd2+ 25. Ke1 Rxb2 $14) 24... Rhe8 $16) 23... Kb8 24. g5 Nh5 (24... hxg5 $16 25. hxg5 Rxh1 26. Rxh1 Ne8) 25. f4 $18 Rhe8 26. Rad1 {[%emt 0:02:40] Rxd8+ is the strong threat.} Rxd1 (26... b5 {is a better defense.} 27. Rxd8+ Rxd8 28. cxb5 axb5) 27. Bxd1 {[%emt 0:00:08] This bishop pair is nice. White is clearly winning.} Nxf4 28. exf4 Bxf4 (28... Rg8 $142 29. Kf3 Bd8) 29. Bxg7 hxg5 30. h5 Be3+ 31. Kg2 Kc7 32. Re1 {[%emt 0:00:31] [#] Hoping for h6.} Rg8 {[%emt 0:00:28] Weighted Error Value: White=0.05 (flawless) /Black=0.33} 1-0

[Event "Romanian Superleague 2022"]
[Site "Oradea"]
[Date "2022.09.25"]
[Round "5.14"]
[White "Padurariu, Mihai-Edward"]
[Black "Petkov, Momchil"]
[Result "0-1"]
[ECO "B53"]
[WhiteElo "2263"]
[BlackElo "2511"]
[Annotator "RC"]
[PlyCount "129"]
[EventDate "2022.09.21"]
[EventType "team-tourn"]
[EventCountry "ROU"]
[SourceTitle "playchess.com"]
[Source "ChessBase"]
[SourceQuality "1"]
[TimeControl "40/5400+30:1800+30"]

1. e4 c5 2. Nf3 d6 3. d4 cxd4 4. Qxd4 Nc6 5. Qe3 g6 6. h3 Bg7 7. Be2 Nf6 8. O-O O-O 9. Rd1 Be6 10. Nc3 Rc8 11. a3 a6 12. Nd5 Bxd5 13. exd5 Na5 14. c3 Qd7 15. Qf4 b5 16. a4 Nb3 17. Ra3 Nxc1 18. Qxc1 b4 19. Ra2 Qb7 20. c4 Nxd5 21. Nd4 Nf6 22. Qe3 Rc5 23. Bf3 Qc7 24. b3 d5 25. cxd5 Nxd5 26. Bxd5 Rxd5 27. Rad2 Bf6 28. Nf3 Rxd2 29. Rxd2 Kg7 30. Qe2 Qc3 31. Rd3 Qc6 32. Nd2 Qc2 33. Qe3 Rc8 34. Nc4 Qb1+ 35. Kh2 Rc6 36. Qd2 Re6 37. Qd1 Re1 38. Qxb1 Rxb1 39. f4 Bc3 40. Na5 e5 41. fxe5 Bxe5+ 42. g3 Rb2+ 43. Kg1 Rc2 44. Nc4 Bc7 45. Rf3 h5 46. Kf1 f5 47. Rd3 Kh6 48. Re3 Kg5 49. Rf3 h4 50. gxh4+ Kxh4 51. Ne3 Rd2 52. Ng2+ Kg5 53. Ne1 Rb2 54. Rd3 Be5 55. Nf3+ Kf4 56. Nxe5 Kxe5 57. Rg3 Kf6 58. Rd3 Kg5 59. a5 f4 60. Kg1 Kh4 61. Kf1 g5 62. Kg1 Rc2 63. Rd6 Kg3 64. Kf1 f3 65. Rc6 0-1

[Event "Romanian Superleague 2022"]
[Site "Oradea"]
[Date "2022.09.25"]
[Round "5.15"]
[White "Bonte, Andrei-Mihai"]
[Black "Voiteanu, Gabriel"]
[Result "1-0"]
[ECO "D02"]
[WhiteElo "2339"]
[BlackElo "2154"]
[Annotator "TA"]
[PlyCount "155"]
[EventDate "2022.09.21"]
[EventType "team-tourn"]
[EventCountry "ROU"]
[SourceTitle "playchess.com"]
[Source "ChessBase"]
[SourceQuality "1"]
[TimeControl "40/5400+30:1800+30"]

1. d4 d5 2. Nf3 Nf6 3. Bf4 c5 4. e3 e6 5. Nbd2 Nc6 6. c3 Qb6 {[%emt 0:00:48] 6...Nh5 is setting a new trend.} 7. Qb3 Nh5 {[%emt 0:01:19] D02: 1 d4 d5 2 Nf3 sidelines, including 2...Nf6 3 g3 and 2...Nf6 3 Bf4.} 8. Qxb6 axb6 9. Bc7 c4 {[%emt 0:00:00] White is slightly better.} 10. Bxb6 Ra6 {[%emt 0:00:00] [#]} 11. Bc5 $146 ({Predecessor:} 11. Bc7 b5 12. Be2 Nf6 13. O-O b4 14. cxb4 Bxb4 15. a3 Be7 16. Bf4 Ra7 17. b4 {0-1 (37) Bagheri,A (2490)-Drozdovskij,Y (2587) Beijing 2008}) 11... b5 (11... Bxc5 $14 {was preferrable.} 12. dxc5 Nf6) 12. Bxf8 $16 Rxf8 13. Ne5 g6 14. Nxc6 Rxc6 15. Be2 Nf6 16. a4 bxa4 17. Rxa4 Rb6 {[%emt 0:00:00] Prevents b3.} 18. Ra2 Bd7 19. f3 Ke7 20. Kd1 Rfb8 21. Kc2 Ne8 22. Rb1 Nd6 23. b4 (23. e4 {feels hotter.} h5 24. Ra7 R8b7 25. Rxb7 Rxb7 26. Ra1) 23... cxb3+ 24. Rxb3 Rxb3 25. Nxb3 Nf5 26. Nc5 $1 Nxe3+ 27. Kd2 $1 Nxg2 28. Bf1 $1 Nh4 29. Ra7 $1 Nxf3+ 30. Ke3 Nxh2 31. Be2 Rd8 32. Kf4 $1 {[%emt 0:00:00] White is much more active.} h5 33. Bb5 $1 Ra8 34. Rxd7+ (34. Rb7 $16 Ra5 35. Bd3 (35. Bxd7 Kf8 $16) (35. Rxd7+ Kf6 $11)) 34... Kf6 $11 35. Rc7 Ng4 36. Nd7+ Kg7 37. Be2 Nh6 38. Ne5 Kf6 39. Nd7+ Kg7 40. Bd3 Ra1 41. Ne5 ({White should try} 41. Nc5 $11) 41... Rg1 ({Better is} 41... h4 $1 $15 42. Kf3 g5) 42. Ra7 $2 (42. Bxg6 $11 h4 43. Bh5 (43. Bxf7 Rf1+ 44. Kg5 Nxf7+ 45. Kg4 Kf8 $11)) 42... g5+ $2 (42... h4 $1 $19 43. Bxg6 Rf1+ 44. Kg5 h3 45. Nxf7 Nxf7+ 46. Bxf7 Rxf7) 43. Kf3 h4 44. Kf2 $132 {[%emt 0:05:28][%mdl 2048] White puts up resistance} Rg3 45. Be2 {[%emt 0:01:29] Against Ng4+} g4 46. Nd3 (46. c4 $11) 46... Rh3 $1 $15 47. Nf4 $1 Rh2+ 48. Kg1 g3 {[%emt 0:00:26] White must now prevent ...Rf2.} 49. Nxe6+ $2 (49. Bf1 $15) 49... Kf6 $1 $19 50. Nf4 Kf5 $2 (50... Kg5 $1 $19 51. Ng2 h3) 51. Ng2 $11 h3 52. Bf3 hxg2 53. Bxd5 {[%emt 0:01:49][%mdl 4096] Endgame KRB-KRN} Kf4 54. Bxg2 f5 {[%emt 0:00:14] aiming for ...Ng4.} 55. d5 {[%emt 0:03:03][%cal Bd4d5,Bd5d6,Bd6d7][%mdl 32] Hoping for d6.} Ng4 56. d6 Ne3 57. Ra2 {[%emt 0:00:26] Threatens to win with d7.} Rh8 58. d7 Rd8 (58... Rb8 $5 59. Ra4+ $8 Kg5 $11) 59. Rd2 Rb8 60. Rd4+ Ke5 61. Rb4 {[%emt 0:00:31] Prevents Rb1+.} Rd8 62. Bc6 Kd6 63. Ba4 Nd5 64. Rd4 {[%emt 0:00:18] And now c4 would win.} Ke5 65. Rd3 f4 66. Kg2 Ne3+ 67. Rxe3+ $2 fxe3 $19 68. Kxg3 $11 {[%emt 0:00:12] KR-KB} Rf8 $1 69. Bb5 Ke4 70. Be2 $2 (70. Kg2 $19 Kd5 71. d8=B Rxd8 72. Kf3) 70... Rg8+ $2 (70... Rd8 $1 {mates} 71. Kg2 Rxd7 72. Kf1 Rc7 73. Ke1 Rxc3 74. Kd1 Rc5 75. Bg4 Kf4 76. Be2 Ke4 77. Bg4 Kf4 78. Be2 Kg3 79. Ke1 Rc1+ 80. Bd1 Rxd1+ $1 81. Ke2 Kf4 $1 82. Kxd1 Kf3 83. Kc2 e2 84. Kd2 Kf2 85. Kc3 e1=Q+ 86. Kc4 Qe5 87. Kd3 Ke1 88. Kc4 Kd2 89. Kb4 Kd3 90. Kb3 Qb5+ 91. Ka2 Kc3 92. Ka3 Qb3#) 71. Bg4 $1 Kd3 (71... Rd8 $5 72. c4 $8 (72. Bf3+ $2 Kd3 $19) 72... Rf8 $11) 72. Kf4 Rd8 {[%emt 0:01:00] ( -> ...Kd2)} 73. Ke5 Rg8 {[%emt 0:00:30] [#]} 74. c4 $1 {[%emt 0:00:38][%cal Oc4c5] Strongly threatening c5!} Kc3 $2 {[%emt 0:00:32][%mdl 8192] [#]} (74... Rd8 $11 {and Black has nothing to worry.} 75. c5 Rxd7 76. Bxd7 Kc4) (74... Kxc4 75. Be6+) 75. c5 $2 (75. Be2 $1 $18) 75... Rg5+ $2 (75... Rxg4 $16 76. d8=Q e2 77. Qa5+ Kd3) 76. Kf4 {[%emt 0:00:45] White mates.} Rd5 77. Kxe3 Kb4 78. c6 {[%emt 0:00:06] Weighted Error Value: White=0.24 (precise) /Black=0.23 (precise)} 1-0

[Event "Romanian Superleague 2022"]
[Site "Oradea"]
[Date "2022.09.25"]
[Round "5.16"]
[White "Oprisor, Razvan-Gabriel"]
[Black "Gilea, Lucian"]
[Result "0-1"]
[ECO "B13"]
[WhiteElo "2175"]
[BlackElo "2278"]
[Annotator "TA"]
[PlyCount "104"]
[EventDate "2022.09.21"]
[EventType "team-tourn"]
[EventCountry "ROU"]
[SourceTitle "playchess.com"]
[Source "ChessBase"]
[SourceQuality "1"]
[TimeControl "40/5400+30:1800+30"]

1. e4 c6 2. d4 d5 3. exd5 cxd5 4. Bd3 Nc6 5. c3 g6 6. Nf3 Bg7 7. O-O Nh6 8. Re1 O-O 9. Bf4 Bf5 10. Bxh6 {[%emt 0:09:02] B13: Caro-Kann: Exchange Variation and Panov-Botvinnik Attack.} Bxh6 11. Bxf5 gxf5 12. Nbd2 {[%emt 0:01:08][%cal Bb1d2,Bd2b3,Bb3c1,Bc1d3][%mdl 32] White has an edge.} e6 13. Nb3 b6 14. Nc1 {[%emt 0:03:35] [#]} Na5 $146 ({Predecessor:} 14... Bxc1 15. Qxc1 Qf6 16. Qf4 Qg6 17. Re3 Kh8 18. Kh1 Rac8 19. h3 Rg8 20. Rg1 Qh5 {1-0 (29) Pospisil,L-Killar,M Czech Republic 1999}) 15. Nd3 Nc4 16. Nfe5 Nd6 17. Qh5 Qg5 18. Qxg5+ Bxg5 19. f4 Be7 20. a4 Ne4 21. Nf2 (21. a5 $5 ) 21... Bd6 22. g3 f6 23. Nxe4 fxe4 24. Ng4 h5 25. Ne3 h4 26. Kg2 (26. c4 $11) 26... Kf7 (26... f5 $15) 27. c4 $1 $11 Rg8 {[%emt 0:03:41] White must now prevent ...hxg3.} 28. Kf2 Bb4 29. Red1 dxc4 30. Nxc4 Rad8 31. Ne3 hxg3+ 32. hxg3 Rd7 33. Rac1 $1 Rh8 {[%emt 0:00:57] aiming for ...Rh2+.} 34. Kg2 {[%emt 0:00:21] Prevents Rh2+.} Rhd8 35. Rc4 a5 36. b3 f5 37. Nc2 {[%emt 0:02:14] [#]} (37. g4 $11 {remains equal.}) 37... Bf8 ({Black should try} 37... Bc5 $1 $17) 38. Kf2 ({White should play} 38. Ne3 $1 $11) 38... b5 $36 {[%emt 0:00:39][%mdl 2048] Black is more active.} (38... Bc5 $5) 39. axb5 Rb8 40. Ra1 Rxb5 {[%emt 0:00:00] Black is more active.} 41. Rc3 {[%emt 0:04:27] [#]} (41. g4 $142) 41... Rdb7 $1 $17 42. Na3 (42. Ke2 $17 {was worth a try.}) 42... Rxb3 $19 43. Rxb3 Rxb3 {[%emt 0:00:03][%mdl 4096] Endgame KRB-KRN} 44. Nc4 Bb4 {[%emt 0:00:06] Strongly threatening ...Rf3+.} 45. Nxa5 $2 (45. Ra2) 45... Rb2+ {[%emt 0:00:18] Black is clearly winning.} 46. Kf1 {[%emt 0:00:28] [#]} (46. Kg1 $142 Rc2 47. Nb3) 46... e3 $1 {[%emt 0:00:14] ( -> ...e2+)} 47. Nc4 e2+ 48. Kg1 {[%emt 0:00:06] [#]} Ra2 $3 49. Ne5+ (49. Rxa2 e1=Q+) 49... Ke8 50. Rxa2 e1=Q+ 51. Kg2 Qe4+ 52. Kh2 Bc3 {[%emt 0:00:36] Weighted Error Value: White=0.39/Black=0.09 (flawless)} 0-1

[Event "Romanian Superleague 2022"]
[Site "Oradea"]
[Date "2022.09.25"]
[Round "5.17"]
[White "Ognean, Mihnea-Ionut"]
[Black "Ursente, Tudor-Alexandru"]
[Result "1-0"]
[ECO "B42"]
[WhiteElo "2303"]
[BlackElo "1931"]
[Annotator "TA"]
[PlyCount "67"]
[EventDate "2022.09.21"]
[EventType "team-tourn"]
[EventCountry "ROU"]
[SourceTitle "playchess.com"]
[Source "ChessBase"]
[SourceQuality "1"]
[TimeControl "40/5400+30:1800+30"]

1. e4 c5 2. Nf3 e6 3. d4 cxd4 4. Nxd4 a6 5. Bd3 Qc7 6. O-O Nf6 7. Qe2 d6 8. f4 Nc6 {[%emt 0:07:22] B42: Sicilian: Kan Variation: 5 Bd3.} 9. Nxc6 Qxc6 10. c4 Be7 {[%emt 0:06:50] White is better.} 11. Nc3 O-O 12. Kh1 Bd7 13. Bd2 Rad8 {[%emt 0:01:51] [#]} 14. Rf3 $146 ({Predecessor:} 14. Rae1 Bc8 15. Rf3 Nd7 16. Nd5 Rde8 17. Nxe7+ Rxe7 18. e5 f5 19. Bb4 Nc5 20. exd6 Qxd6 {0-1 (51) Ivanenko,O (2013)-Polivoda,A Kharkov 2008}) 14... g6 15. Raf1 Ne8 (15... Qc5 $16) 16. Nd5 Bh4 {[%emt 0:05:01] [#]} (16... exd5 17. exd5 Qc7) 17. Rh3 (17. f5 $142) 17... exd5 $18 18. exd5 ({Don't play} 18. Rxh4 $6 dxc4 19. Bxc4 d5 $16) 18... Qc8 19. Rxh4 Bf5 (19... Ng7 {was worth a try.} 20. Qe7 f6) 20. g4 (20. Bxf5 $18 Qxf5 21. Bc3) 20... Bxd3 $16 21. Qxd3 {[%emt 0:00:07] [#] Threatens to win with f5.} f5 22. g5 Ng7 23. Rh3 (23. Bc3 $142 Rfe8 24. b3 (24. Bxg7 Kxg7 25. Qh3 h5 $16)) 23... Qd7 (23... Rde8 $142) 24. Re1 $36 {[%emt 0:00:54][%mdl 2048] White is really pushing.} Rde8 25. Rhe3 {[%emt 0:01:55] White has more active pieces.} Rxe3 26. Rxe3 Re8 27. Rxe8+ Qxe8 $18 {[%emt 0:01:44][%mdl 4096] Endgame KQB-KQN} 28. Kg2 ({White should try} 28. Bb4 $18) 28... b5 {[%emt 0:04:49] A mistake that costs the game.} (28... Qe4+ $16 29. Qxe4 fxe4) 29. Kf3 Kf7 30. Bc3 Nh5 $2 (30... bxc4 31. Qxc4 Qe7) 31. cxb5 axb5 32. Qe3 Qd7 33. a3 Kf8 34. Qd4 {[%emt 0:36:31] Weighted Error Value: White=0.23 (precise) /Black=0.48} 1-0

[Event "Romanian Superleague 2022"]
[Site "Oradea"]
[Date "2022.09.25"]
[Round "5.18"]
[White "Gulie, Cosmin"]
[Black "Ileana, George"]
[Result "0-1"]
[ECO "B50"]
[WhiteElo "1973"]
[BlackElo "2301"]
[Annotator "TA"]
[PlyCount "72"]
[EventDate "2022.09.21"]
[EventType "team-tourn"]
[EventCountry "ROU"]
[SourceTitle "playchess.com"]
[Source "ChessBase"]
[SourceQuality "1"]
[TimeControl "40/5400+30:1800+30"]

1. e4 c5 2. Nf3 d6 3. c3 Nf6 4. Be2 e6 5. O-O Be7 6. Re1 Nc6 7. d3 O-O 8. h3 {[%emt 0:01:03] [#] B50: Sicilian: 2...d6, Miscellaneous.} b5 $146 ({Predecessor:} 8... a6 9. Nbd2 b5 10. a3 Qc7 11. d4 e5 12. d5 Nb8 13. a4 b4 14. a5 Nbd7 {1-0 (24) Pikula,D (2337)-Amitpal,S (2102) Arandjelovac 2022}) 9. Be3 Bb7 10. Nbd2 {[%emt 0:00:33] The position is equal.} Rc8 11. a3 Qc7 12. Nf1 (12. d4 $11 {should be considered.}) 12... d5 $15 13. exd5 Nxd5 14. d4 a6 15. Rc1 Rfd8 {[%emt 0:01:12] Black is more active.} 16. Qc2 cxd4 17. cxd4 Qb6 18. Qb1 h6 19. Red1 Bf6 ({Better is} 19... f5 20. g3 Bf6) 20. Bd3 $17 Nxe3 21. fxe3 e5 22. Bf5 Rb8 23. dxe5 Nxe5 24. Nxe5 Bxe5 25. b4 Rxd1 26. Rxd1 Qc6 $40 {[%emt 0:00:12][%csl Gb7][%cal Rc6g2][%mdl 128] [#] White is in trouble.} 27. Qc2 Qxc2 28. Bxc2 Bb2 29. Rd3 Rc8 30. Bd1 (30. Bb3 $17 {was called for.}) 30... Be4 $19 31. Rb3 Bc1 {[%emt 0:00:10] This bishop pair is nice.} (31... Be5 $19 {Strongly threatening ...Rd8.} 32. Nd2 Bg6) 32. Ng3 $2 {[%emt 0:09:32] [#] This move loses the game for White.} (32. Kf2 $17 {keeps fighting.}) 32... Bd5 $1 33. Rd3 Bc4 34. Rd6 (34. Rd7) 34... Bxe3+ {[%emt 0:04:30] Black is clearly winning.} 35. Kh2 Bf4 36. Rxa6 Bd5 {[%emt 0:00:04] Weighted Error Value: White=0.34/Black=0.09 (flawless)} 0-1

[Event "Romanian Superleague 2022"]
[Site "Oradea"]
[Date "2022.09.25"]
[Round "5.19"]
[White "Deac, Bogdan-Daniel"]
[Black "Marin, Mihail"]
[Result "0-1"]
[ECO "E73"]
[WhiteElo "2710"]
[BlackElo "2457"]
[Annotator "TA"]
[PlyCount "110"]
[EventDate "2022.09.21"]
[EventType "team-tourn"]
[EventCountry "ROU"]
[SourceTitle "playchess.com"]
[Source "ChessBase"]
[SourceQuality "1"]
[TimeControl "40/5400+30:1800+30"]

1. d4 g6 2. e4 Bg7 3. c4 d6 4. h4 Nf6 5. Nc3 O-O 6. Be2 c5 7. d5 e6 8. h5 exd5 {[%emt 0:04:48] E73: King's Indian: Averbakh Variation without 6...c5.} 9. exd5 Qe7 {[%emt 0:09:48] [#]} (9... Re8 $11 {might be stronger.}) 10. h6 $146 ({Predecessor:} 10. hxg6 fxg6 11. Bg5 Nbd7 12. Nf3 Ne5 13. O-O Nf7 14. Re1 Bg4 15. Nd4 cxd4 16. Bxg4 Qxe1+ 17. Qxe1 Nxg4 {1-0 (35) Raahul,V (2344)-Nitin,S (2381) Arandjelovac 2021}) 10... Bh8 {[%emt 0:00:57] White is slightly better.} 11. Bg5 a6 12. a4 Qc7 (12... Re8 {is interesting.} 13. Kf1 Nbd7 14. Rh4 Qf8) 13. Rh4 (13. Kf1 $14) 13... Ne8 14. Qd2 f6 $1 15. Be3 f5 16. Nh3 Nd7 17. Kf1 Ne5 18. Re1 Bf6 19. Ng5 Nf7 20. f4 b6 (20... Bd7 $11 {should be considered.}) 21. Bf3 $1 Nxg5 22. fxg5 Be5 23. Ne2 {[%emt 0:01:23][%cal Bc3e2,Be2f4,Bf4d3,Bd3c5,Bc5e4][%mdl 32] Inhibits Bg3.} Qd8 24. Rh1 (24. b4 $14) 24... Ra7 25. b4 (25. g3 $14) 25... a5 (25... f4 $11 26. Bf2 (26. Bxf4 $2 Bxf4 27. Nxf4 Qxg5 $17) (26. Nxf4 cxb4 27. Rd1 Re7 $15) 26... a5 27. bxc5 bxc5) 26. bxc5 (26. b5 $1 $16) 26... bxc5 $11 27. Nf4 Qxg5 (27... Ba6 28. Ne6 Qb8 29. Nxf8 Kxf8 30. Be2 $16) 28. Nd3 f4 $1 {[%emt 0:01:00] [#]} 29. Bxc5 dxc5 30. Rxe5 Qf6 {[%emt 0:00:07] [#]} 31. Re1 (31. Qxf4 $1 $11 {remains equal.} Qxf4 (31... Qa6 32. Nxc5) 32. Nxf4) 31... Nd6 $17 {[%emt 0:01:42][%cal Be8d6,Bd6c4,Bc4e3][%mdl 32] aiming for ...Qd4.} 32. Qf2 Rc7 {[%emt 0:04:47] White must now prevent ...Qc3.} 33. Nxc5 Nxc4 34. Ne4 Qe5 35. Kg1 Ne3 $1 {[%emt 0:01:51] Hoping for ...Rc4. Black is more active.} 36. Rxe3 $2 (36. Qa2 $17 {was the crucial defense.}) 36... fxe3 $19 37. Qxe3 {[%emt 0:00:04] [#]} Bf5 (37... Rxf3 $142 $1 38. gxf3 Rc2 39. Nf6+ Qxf6 40. Qe8+ Qf8 41. Qxf8+ Kxf8) 38. Rh4 (38. d6 {was the only chance.} Rd7 39. Qb3+ Kh8 40. Qb5 Qxb5 41. axb5) 38... Rfc8 39. d6 Rc1+ 40. Kf2 R1c2+ 41. Kg1 Rc1+ 42. Kf2 R1c2+ 43. Kg1 $1 {[%emt 0:01:59] [#]} Rb8 (43... R2c5 $142 $1 44. Kf2 (44. Rf4 Rc1+) 44... Rc2+) 44. Qe1 $2 (44. Qf4 Qd4+ 45. Kh2) 44... g5 45. Rh5 (45. d7 Qc7 46. Nf2 Bxd7 47. Re4) 45... Bxe4 46. Bxe4 Qc5+ ({Don't go for} 46... Rc5 $2 47. Rh3 Qd4+ 48. Kh1 Qxd6 49. Rd3 (49. Qa1 $2 Qc7 $19) 49... Qxh6+ 50. Rh3 $19) 47. Kh2 {[%emt 0:00:12] Qg3 is the strong threat.} Qxd6+ 48. Kh1 {[%emt 0:00:15] [#]} Rc5 49. g3 {[%emt 0:02:30] Against Qf4} ({Don't play} 49. Qa1 Qe5 50. Qxe5 Rxe5 $19) (49. Rh3 $142) 49... Re5 {[%emt 0:02:32] ( -> ...Qd4)} 50. Qa1 {[%emt 0:02:47] Prevents Qd4.} Rd8 51. Bf3 {[%emt 0:02:40] [#]} Qf6 (51... Qd3 $142 $1 52. Kg2 Qe3 53. Qa2+ Kf8 54. Rh2 Rf5 55. Qf2 Rd2 56. Qxd2 Qxd2+ 57. Kh3 Qe3 58. Bh5 Qe1 59. Be2 Rf6 60. Kg4 Qb1 61. Kh3 Qf5+ 62. Kg2 Qf2+ 63. Kh3 g4+ 64. Bxg4 Rxh6+ 65. Bh5 Rxh5+ 66. Kg4 Qf5#) 52. Qc3 {[%emt 0:01:42] [#]} Re1+ $3 {[%emt 0:01:07][%mdl 512] Black mates.} 53. Qxe1 Qxf3+ 54. Kg1 Rd1 55. Rxg5+ Kh8 {[%emt 0:00:04] Weighted Error Value: White=0.68/Black=0.64} 0-1

[Event "Romanian Superleague 2022"]
[Site "Oradea"]
[Date "2022.09.25"]
[Round "5.20"]
[White "Miron, Lucian-Costin"]
[Black "Miroshnichenko, Evgenij"]
[Result "1/2-1/2"]
[ECO "B04"]
[WhiteElo "2498"]
[BlackElo "2597"]
[Annotator "TA"]
[PlyCount "34"]
[EventDate "2022.09.21"]
[EventType "team-tourn"]
[EventCountry "ROU"]
[SourceTitle "playchess.com"]
[Source "ChessBase"]
[SourceQuality "1"]
[TimeControl "40/5400+30:1800+30"]

1. e4 Nf6 2. e5 Nd5 3. d4 d6 4. Nf3 dxe5 5. Nxe5 c6 6. Be2 {[%emt 0:04:16] White is slightly better.} Bf5 {[%emt 0:00:20] B04: Alekhine's Defence: 4 Nf3.} 7. O-O Nd7 8. Nf3 e6 9. c4 N5f6 10. Nh4 Bxb1 11. Rxb1 {[%emt 0:00:29] [#] Black did not feel at home in the position after the opening.  Weighted Error Value: White=0.02 (flawless) /Black=0.02 (flawless)} {Predecessor:} Bd6 $146 12. g3 O-O 13. Qc2 Qc7 14. Rd1 Rad8 15. b4 a6 16. a4 Rfe8 17. Be3 e5 {½-½ (44) Saric,I (2669)-Movsesian,S (2608) Warsaw 2021} 1/2-1/2

[Event "Romanian Superleague 2022"]
[Site "Oradea"]
[Date "2022.09.25"]
[Round "5.21"]
[White "Szabo, Gergely-Andras-Gyula"]
[Black "Secheres, Adrian-Simion"]
[Result "1/2-1/2"]
[ECO "E62"]
[WhiteElo "2512"]
[BlackElo "2375"]
[Annotator "TA"]
[PlyCount "36"]
[EventDate "2022.09.21"]
[EventType "team-tourn"]
[EventCountry "ROU"]
[SourceTitle "playchess.com"]
[Source "ChessBase"]
[SourceQuality "1"]
[TimeControl "40/5400+30:1800+30"]

1. d4 Nf6 2. c4 g6 3. g3 Bg7 4. Bg2 O-O 5. Nc3 d6 6. Nf3 c6 7. e4 Bg4 8. Qb3 {[%emt 0:11:39] [#] E62: King's Indian: Fianchetto: 6...c6 and Panno Variation (6...Nc6) without ...a6.} Nfd7 $146 ({Predecessor:} 8... Qb6 9. Be3 Nfd7 10. Qxb6 Nxb6 11. Nd2 Be6 12. Bf1 Na6 13. a3 Rfd8 14. O-O-O Nc7 15. Be2 d5 16. exd5 cxd5 {½-½ (64) Goldin,A (2555)-Benjamin,J (2585) New York 1993}) 9. Be3 $1 ({Avoid the trap} 9. Qxb7 $2 Nb6 10. Bg5 f6 $19) 9... Bxf3 10. Bxf3 Qb6 11. Rd1 (11. O-O {is interesting.} Bxd4 12. Bxd4 Qxd4 13. Qxb7 Ne5 14. Be2) 11... Na6 12. O-O Qxb3 13. axb3 Nb4 14. Rd2 {[%emt 0:05:24] Inhibits Nc2.} c5 15. d5 a6 16. Bg4 {[%emt 0:04:02] White is slightly better.} Rad8 17. f4 b6 18. Be2 Rb8 {[%emt 0:02:37] Weighted Error Value: White=0.09 (flawless) /Black=0.09 (flawless)} 1/2-1/2